 Dungeon Crawl Stone Soup version 0.26.1-11-gd32895ea62 (webtiles) character file.

Game seed: 444043610110772963

15853 bnorton916 the Destroyer (level 12, -2/67 HPs)
             Began as a Deep Elf Ice Elementalist on July 8, 2021.
             Was an Elder of Sif Muna.
             Slain by a komodo dragon (21 damage)
             ... on level 4 of the Lair of Beasts.
             The game lasted 00:49:44 (21992 turns).

bnorton916 the Destroyer (DEIE)                    Turns: 21992, Time: 00:49:45

Health: -2/67      AC:  9    Str:  6    XL:     12   Next: 4%
Magic:  26/26      EV: 16    Int: 24    God:    Sif Muna [****..]
Gold:   603        SH:  5    Dex: 16    Spells: 10/27 levels left

rFire    . . .     SeeInvis .   s - +1 rapier (protect)
rCold    . . .     Faith    .   x - +0 buckler
rNeg     . . .     Spirit   .   a - +0 robe
rPois    +         Reflect  .   v - +2 hat
rElec    .         Harm     .   d - +2 cloak {Will+}
rCorr    .         Rampage  .   P - +1 pair of gloves
Will     ++...                  (no boots)
Stlth    ++........             (no amulet)
HPRegen  0.21/turn              G - ring of poison resistance
MPRegen  0.20/turn              t - ring of wizardry

@: no status effects
A: no striking features
a: Renounce Religion, Channel Magic, Forget Spell, Divine Exegesis


You were on level 4 of the Lair of Beasts.
You worshipped Sif Muna.
Sif Muna was greatly pleased with you.
You visited 3 branches of the dungeon, and saw 16 of its levels.
You also visited: Sewer.

You collected 694 gold pieces.
You spent 91 gold pieces at shops.

Inventory:

Hand Weapons
 l - a +1 dagger of flaming
 s - a +1 rapier of protection (weapon)
 w - a +2 dagger of venom
 K - a +0 lajatang
 L - a +0 whip of electrocution
Missiles
 r - 319 stones
 B - a curare-tipped dart (quivered)
Armour
 a - a +0 robe (worn)
 d - a +2 cloak of willpower (worn)
 v - a +2 hat (worn)
 x - a +0 buckler (worn)
 P - a +1 pair of gloves (worn)
Magical Staves
 D - an uncursed staff of cold
Jewellery
 h - an uncursed ring of willpower
 t - a ring of wizardry (right hand)
 G - a ring of poison resistance (left hand)
 H - an uncursed ring of protection from fire
 I - an uncursed ring of magical power
Wands
 b - a wand of polymorph (19)
 y - a wand of iceblast (22)
 N - a wand of flame (37)
 O - a wand of random effects (31)
Scrolls
 c - 2 scrolls of identify
 e - 6 scrolls of teleportation
 j - 5 scrolls of remove curse
 k - a scroll of fog
 p - 5 scrolls of amnesia
 C - 2 scrolls of magic mapping
 E - 2 scrolls of fear
 F - 2 scrolls of blinking
 J - a scroll of immolation
Potions
 f - 4 potions of degeneration
 g - 2 potions of attraction
 i - 6 potions of curing
 m - a potion of mutation
 n - 3 potions of brilliance
 o - 4 potions of flight
 q - 2 potions of heal wounds
 u - 3 potions of lignification
 z - 2 potions of invisibility
 A - a potion of haste
 M - a potion of might
 Q - a potion of cancellation


   Skills:
 + Level 4.5 Fighting
 - Level 0.1 Staves
 - Level 6.0 Dodging
 - Level 2.4 Stealth
 - Level 4.0 Shields
 - Level 8.0 Spellcasting
 + Level 11.6 Conjurations
 - Level 2.0 Hexes
 - Level 4.0 Summonings
 - Level 2.0 Translocations
 - Level 8.8 Ice Magic
 - Level 10.6 Invocations


You had 10 spell levels left.
You knew the following spells:

 Your Spells              Type           Power        Failure   Level
a - Freeze                Ice            100%         1%          1
b - Frozen Ramparts       Ice            100%         1%          3
c - Ozocubu's Armour      Ice            51%          1%          3
d - Hailstorm             Conj/Ice       56%          1%          4
e - Summon Ice Beast      Ice/Summ       40%          1%          4
f - Apportation           Tloc           38%          1%          1
g - Corona                Hex            21%          1%          1

Your spell library contained the following spells:

 Spells                   Type           Power        Failure   Level
 Summon Small Mammal      Summ           100%         1%          1
 Animate Skeleton         Necr           18%          2%          1
 Cause Fear               Hex            9%           12%         4
 Silence                  Hex/Air        7%           41%         5
 Yara's Violent Unravell  Hex/Tmut       7%           41%         5
 Discord                  Hex            9%           100%        8


Dungeon Overview and Level Annotations

Branches:
Dungeon (11/15)            Temple (1/1) D:6            Lair (5/6) D:10
  Swamp (0/4) Lair:2        Sewer (visited)
  Snake: Lair:2-4    Spider: Lair:2-4     Slime: Lair:5-6       Orc: D:9-12

Altars:
Ashenzari
Cheibriados
Dithmenos
Elyvilon
Fedhas
Gozag
Hepliaklqana
Kikubaaqudgha
Makhleb
Nemelex Xobeh
Okawaru
Qazlal
Ru
Sif Muna
Trog
Uskayaw
Vehumet
Wu Jian
Xom
Yredelemnul
Zin
The Shining One

Shops:
D:4 (   D:6 ?[

Annotations:
D:9 3 runed translucent doors, JBAR's ghost, journeyman MiFi
Lair:1 exclusion: 4 oklob plants, Eryximachus's ghost, journeyman DsNe; osinmv's ghost, journeyman DDBe


Message History

Magic restored.
You start resting.
HP restored.
You can't go down here!
You climb upwards.
The cane toad closely misses you.
You block the six-headed hydra's attack.
The six-headed hydra bites you!
The six-headed hydra bites you but does no damage.
The six-headed hydra bites you!
The six-headed hydra bites you but does no damage. x2
The komodo dragon completely misses you.
The cane toad stings you!!
The six-headed hydra closely misses you.
You block the six-headed hydra's attack.
The six-headed hydra bites you but does no damage.
The six-headed hydra barely misses you. The six-headed hydra bites you!
The six-headed hydra bites you.
* * * LOW HITPOINT WARNING * * *
The komodo dragon bites you!!
You die...

.............,,,,,,,,,,*,,,,,≈,,≈
,,,,,,,,,...............≈≈≈≈≈,≈≈,
,,,,,,,,,.....≈≈≈≈≈≈!..♣,≈≈,,≈,≈,
,,**,,,,,PP..≈≈≈≈≈≈≈...♣≈,,≈,,≈,≈
,*,**,,,,.#≈.≈≈≈≈≈≈≈≈...,,≈,≈,,≈,
,,,,,,,,,...≈≈≈≈≈≈≈≈≈≈..,,≈,,≈,≈,
,,,,,,,,,....≈≈≈;≈≈≈≈≈..**≈≈≈,≈≈,
,,,,,,,,,.....≈≈F≈≈≈≈..#***,,,≈≈,
,,,,,,,,,/.....l@.≈≈≈..# ***≈,≈,
,,,,,,,,,......D...?..## **,,*,,*
,,,,,,,,,....#....##### *,,,,,,,
*,*,,,,,,###*#.#### *,,,,,,,
**,,,,,,,,** ##* *,,,,,,,
*,,,,,,,,,* *,,,,,,, *,,,,,,,,**
**,,,,,, *,,,,,,,,* **,,,,,,
*,,,,,,,,** *,,,,,,,


You could see a six-headed hydra, a komodo dragon, a cane toad and an electric
eel.

Vanquished Creatures
  Gastronok (D:8)
  A hydra (Lair:1)
  A two-headed ogre (D:10)
  Pikel (D:7)
  3 cane toads
  2 komodo dragons
  3 blink frogs
  2 wyverns (Lair:2)
  2 yaks
  A basilisk (Lair:4)
  2 water moccasins (Lair:1)
  2 sky beasts (D:7)
  An ice beast (D:8)
  6 orc warriors
  An eye of draining (D:9)
  Purgy (Sewer)
  3 wolves (Lair:5)
  6 ogres
  A centaur (D:5)
  Blork the orc (D:4)
  3 big kobolds
  10 bullfrogs
  2 scorpions
  8 killer bees
  2 howler monkeys
  A crimson imp (D:8)
  2 bullfrog zombies (D:9)
  2 hounds
  6 orc priests
  A bullfrog skeleton (D:9)
  5 jellies
  6 orc wizards
  Crazy Yiuf (D:3)
  Jessica (D:2)
  2 iguanas
  5 worker ants
  Terence (D:3)
  A hound skeleton (D:7)
  A worker ant zombie (D:9)
  6 gnolls
  17 adders
  3 shadow imps
  2 white imps
  11 oozes
  An adder skeleton (D:8)
  An adder zombie (D:6)
  A worm (D:5)
  7 leopard geckos
  42 orcs
  4 ball pythons
  5 giant cockroaches
  8 goblins
  4 hobgoblins
  12 jackals
  8 quokkas
  10 bats
  3 frilled lizards
  28 kobolds
  A quokka skeleton (D:7)
  4 rats
279 creatures vanquished.

Vanquished Creatures (collateral kills)
  3 hydras
  A two-headed ogre (D:9)
  Nergalle (Lair:2)
  2 bog bodies (Lair:2)
  4 elephants (Lair:4)
  2 black mambas
  2 polar bears (Lair:1)
  Grinder (D:6)
  A blink frog (D:10)
  3 yaks
  A wraith (D:11)
  Menkaure (D:5)
  A water moccasin (Lair:1)
  3 orc warriors
  A necrophage (D:7)
  2 ice beasts
  A black bear (Lair:1)
  2 ogres
  2 wolves (Lair:5)
  3 phantoms
  3 centaurs
  4 bullfrogs (Lair:1)
  A big kobold (D:8)
  A water moccasin zombie (D:6)
  2 wyvern skeletons
  2 bullfrog zombies
  2 orc priests
  A howler monkey zombie (D:7)
  2 white imps
  An ufetubus (D:9)
  An adder skeleton (D:6)
  2 orcs
  4 kobolds (D:8)
63 creatures vanquished.

Vanquished Creatures (others)
  9 fungi
  11 plants
  5 toadstools (D:3)
  6 withered plants (Lair:1)
31 creatures vanquished.

Grand Total: 373 creatures vanquished

Notes
Turn   | Place    | Note
-------+----------+-------------------------------------------
     0 | D:1      | bnorton916 the Deep Elf Ice Elementalist began the quest
                  | for the Orb.
     0 | D:1      | Reached XP level 1. HP: 10/10 MP: 6/6
   420 | D:1      | Reached XP level 2. HP: 14/15 MP: 4/8
  1357 | D:2      | Reached skill level 5 in Ice Magic
  1357 | D:2      | Reached XP level 3. HP: 19/19 MP: 8/10
  1361 | D:2      | Learned a level 3 spell: Frozen Ramparts
  1365 | D:2      | Learned a level 3 spell: Ozocubu's Armour
  1773 | D:2      | Found a white marble altar of Elyvilon.
  1780 | D:2      | Noticed Jessica
  1788 | D:2      | Killed Jessica
  1789 | D:2      | Reached XP level 4. HP: 20/24 MP: 7/12
  2149 | D:2      | Found a shadowy altar of Dithmenos.
  2352 | D:3      | Noticed Terence
  2441 | D:3      | Reached skill level 5 in Spellcasting
  2498 | D:3      | Learned a level 4 spell: Hailstorm
  2567 | D:3      | Reached XP level 5. HP: 24/28 MP: 10/14
  2855 | D:3      | Found a runed translucent door.
  2856 | D:3      | Noticed Crazy Yiuf
  2862 | D:3      | Killed Crazy Yiuf
  3022 | D:3      | Killed Terence
  3420 | D:3      | Reached XP level 6. HP: 19/32 MP: 11/17
  4375 | D:4      | Reached XP level 7. HP: 33/36 MP: 17/19
  4677 | D:3      | Learned a level 4 spell: Summon Ice Beast
  4823 | D:4      | Found Elunluon's Weapon Shoppe.
  4870 | D:4      | Found an iron altar of Okawaru.
  4889 | D:4      | Found a shimmering blue altar of Sif Muna.
  4906 | D:4      | Became a worshipper of Sif Muna the Loreminder
  4974 | D:4      | Noticed Blork the orc
  4985 | D:4      | Killed Blork the orc
  5057 | D:4      | Reached skill level 1 in Conjurations
  5057 | D:4      | Reached skill level 1 in Summonings
  5165 | D:4      | Reached skill level 1 in Shields
  5390 | D:5      | Entered Level 5 of the Dungeon
  5722 | D:5      | Noticed Menkaure
  5760 | D:5      | Killed Menkaure
  5761 | D:5      | Reached skill level 2 in Conjurations
  5838 | D:5      | Reached XP level 8. HP: 32/41 MP: 12/22
  6809 | D:6      | Reached skill level 3 in Conjurations
  6917 | D:6      | Reached * piety under Sif Muna
  7089 | D:6      | Found Hass's Magic Scroll Boutique.
  7097 | D:6      | Bought a scroll of remove curse for 42 gold pieces
  7097 | D:6      | Bought a scroll of magic mapping for 49 gold pieces
  7282 | D:6      | Found a glowing drain.
  7287 | Sewer    | Entered a sewer
  7358 | Sewer    | Noticed Purgy
  7369 | Sewer    | Killed Purgy
  7527 | D:6      | Noticed Grinder
  7561 | D:6      | Killed Grinder
  7562 | D:6      | Reached skill level 4 in Conjurations
  7727 | D:6      | Reached skill level 1 in Invocations
  7940 | D:6      | Found a staircase to the Ecumenical Temple.
  7957 | Temple   | Entered the Ecumenical Temple
  8396 | D:6      | Found Beteacaf's Armour Boutique.
  8464 | D:7      | Reached XP level 9. HP: 45/45 MP: 12/23
  8994 | D:7      | Reached skill level 5 in Invocations
  9019 | D:7      | Reached ** piety under Sif Muna
  9741 | D:7      | Noticed Pikel
  9766 | D:7      | Killed Pikel
 10932 | D:8      | Noticed Gastronok
 10969 | D:8      | Reached *** piety under Sif Muna
 11046 | D:8      | Killed Gastronok
 11047 | D:8      | Reached skill level 10 in Invocations
 11047 | D:8      | Reached XP level 10. HP: 50/50 MP: 3/24
 11786 | D:8      | Found a hide-covered altar of Uskayaw.
 12155 | D:8      | Found a burning altar of Makhleb.
 12551 | D:9      | Reached skill level 5 in Conjurations
 12564 | D:9      | Noticed a two-headed ogre
 12833 | D:9      | Found a runed translucent gate.
 12836 | D:9      | Found a runed translucent gate.
 12836 | D:9      | Found a runed translucent gate.
 12884 | D:9      | Noticed JBAR's ghost (journeyman MiFi)
 12936 | D:9      | Killed a two-headed ogre
 12937 | D:9      | Reached skill level 5 in Dodging
 13545 | D:9      | Found a glowing golden altar of the Shining One.
 13548 | D:9      | Reached skill level 6 in Conjurations
 14007 | D:10     | Entered Level 10 of the Dungeon
 14033 | D:10     | Reached **** piety under Sif Muna
 15130 | D:10     | Reached skill level 7 in Conjurations
 15476 | D:10     | Found a staircase to the Lair.
 15702 | Lair:1   | Entered Level 1 of the Lair of Beasts
 15702 | Lair:1   | Noticed a black mamba
 15713 | Lair:1   | Killed a black mamba
 15778 | Lair:1   | Noticed a four-headed hydra
 15788 | Lair:1   | Killed a four-headed hydra
 15789 | Lair:1   | Reached skill level 8 in Conjurations
 15789 | Lair:1   | Reached XP level 11. HP: 48/54 MP: 5/25
 16171 | Lair:1   | Noticed a seven-headed hydra
 16182 | Lair:1   | Killed a seven-headed hydra
 16183 | Lair:1   | Reached skill level 9 in Conjurations
 16420 | Lair:1   | Noticed an oklob plant
 16420 | Lair:1   | Noticed an oklob plant
 16420 | Lair:1   | Noticed an oklob plant
 16420 | Lair:1   | Noticed an oklob plant
 17991 | Lair:1   | Found a runed translucent gate.
 17992 | Lair:1   | Found a runed translucent gate.
 17993 | Lair:1   | Found a runed translucent gate.
 17999 | Lair:1   | Reached skill level 10 in Conjurations
 18206 | Lair:1   | Noticed osinmv's ghost (journeyman DDBe)
 18207 | Lair:1   | Noticed Eryximachus's ghost (journeyman DsNe)
 18276 | Lair:1   | Noticed a six-headed hydra
 18287 | Lair:1   | Killed a six-headed hydra
 18288 | Lair:1   | Reached skill level 1 in Fighting
 19440 | D:11     | Noticed a two-headed ogre
 19452 | D:10     | Killed a two-headed ogre
 19754 | D:11     | Noticed a sea snake
 19833 | D:11     | Noticed a four-headed hydra
 19841 | D:11     | Killed a four-headed hydra
 19846 | D:11     | Noticed a tengu warrior
 20318 | Lair:2   | Learned a level 1 spell: Apportation
 20418 | Lair:2   | Noticed Nergalle
 20432 | Lair:2   | Noticed a spectral orc warlord
 20442 | Lair:2   | Killed Nergalle
 20443 | Lair:2   | Reached skill level 11 in Conjurations
 20443 | Lair:2   | Reached skill level 1 in Translocations
 20527 | Lair:2   | Learned a level 1 spell: Corona
 20821 | Lair:2   | Found a staircase to the Swamp.
 20821 | Lair:2   | Noticed a bog body
 20822 | Lair:2   | Noticed a bog body
 20841 | Lair:2   | Killed a bog body
 20842 | Lair:2   | Reached skill level 1 in Hexes
 20847 | Lair:2   | Killed a bog body
 21096 | Lair:2   | You fall into a shaft and drop 2 floors!
 21605 | Lair:4   | You fall into a shaft and drop 1 floor!
 21614 | Lair:5   | Reached XP level 12. HP: 63/67 MP: 8/26
 21886 | Lair:4   | Noticed a six-headed hydra
 21992 | Lair:4   | Slain by a komodo dragon

Illustrated notes

Levels and vault maps discovered:
D:1:      scummos_arrival_gate, layout_loops_corners
D:2:      layout_basic, lemuel_coloured_pillars_altar, elyvilon_altar_4,
          uniq_jessica
D:3:      cheibrodos_fertilizer, layout_loops_corners, uniq_terence,
          uniq_crazy_yiuf_cottage
D:4:      layout_loops_ring, nicolae_overflow_crystal_walls,
          kennysheep_little_box, serial_shops, shop, uniq_blork_the_orc
D:5:      layout_gridville, minmay_crossroads, uniq_menkaure
D:6:      layout_loops_ring, minmay_temple_entry_junction, serial_shops, shop,
          shop, gup_sewer_entry_bowl, kennysheep_generic_room_14, uniq_grinder
D:7:      layout_loops_ring, grunt_ministairs_11, minmay_misc_feat_tiny,
          kennysheep_generic_room_2, uniq_pikel
D:8:      layout_cave_pods, eat_drink_and_be_merry_uskayaw,
          makhleb_grotto_becter, uniq_gastronok
D:9:      layout_loops_ring, lemuel_doored_altar, gammafunk_ghost_icy,
          amcnicky_mini_rare_corridor_liquid, minmay_liquid_box
D:10:     layout_long_grid, lair_entry_dummy
D:11:     layout_roguey, serial_aquarium, aquarium_bridge_long_joined
          [aquarium_subvault_window, aquarium_subvault_wall,
          aquarium_subvault_bridge, aquarium_subvault_window,
          aquarium_subvault_window, aquarium_subvault_wall], aquarium_window_2,
          aquarium_window_double, aquarium_window_2, aquarium_view_2c,
          aquarium_view_2a, jmf_multi_god_temple2
Temple:   eino_temple_scatter_basement
Lair:1:   layout_gridlike, gammafunk_ghost_cemetery,
          infiniplex_staircase_pool_2, minmay_lair_oklob_chamber
Lair:2:   wad_woods_settlement, layout_concentric_octagons,
          skrybe_swamp_entry_bodies, uniq_urug, uniq_nergalle
Lair:4:   layout_hall_layers, nicolae_quartered_pool_super,
          chequers_serial_rivers_micro_c, infiniplex_staircase_pool
Lair:5:   layout_cave_pods, minmay_slime_entry_oklob_enclosed, minmay_holes,
          lemuel_fruit_tree

Skill      XL: |  1  2  3  4  5  6  7  8  9 10 11 |
---------------+----------------------------------+-----
Spellcasting   | 4 5 6 7 8 |  8.0
Ice Magic      | 5 6 7 8 |  8.8
Conjurations   | 2 4 8 11 | 11.6
Summonings     | 2 4 |  4.0
Shields        | 1 3 4 |  4.0
Invocations    | 2 10 | 10.6
Dodging        | 6 |  6.0
Fighting       | 4 |  4.5
Translocations | 2 |  2.0
Hexes          | 2 |  2.0
Staves         | |  0.1
Stealth        | |  2.4

Action                   |  1- 3 |  4- 6 |  7- 9 | 10-12 || total
-------------------------+-------+-------+-------+-------++-------
Melee: Short sword       |    12 |    11 |       |       ||    23
       Rapier            |       |    27 |   113 |   180 ||   320
Throw: Dart              |       |    14 |    10 |     5 ||    29
       Stone             |       |       |     3 |       ||     3
 Cast: Freeze            |    43 |    13 |    35 |    28 ||   119
       Frozen Ramparts   |       |    12 |    58 |    56 ||   126
       Summon Ice Beast  |       |       |    51 |    95 ||   146
       Ozocubu's Armour  |       |       |    14 |    23 ||    37
       Hailstorm         |       |       |       |     4 ||     4
Evoke: Wand              |       |       |       |     1 ||     1
  Use: Scroll            |       |     5 |     5 |    18 ||    28
 Stab: Sleeping          |     4 |     6 |     3 |       ||    13
       Distracted        |       |       |       |     3 ||     3
Armor: Robe              |     7 |    17 |    54 |   130 ||   208
Dodge: Dodged            |    30 |    30 |   125 |   237 ||   422
Block: Buckler           |       |       |     7 |    78 ||    85
